 Dungeon Crawl Stone Soup version 0.27.1-1-g398f81649c (webtiles) character file.

Game seed: 1400374623745459548

63 nxtlvl the Ruffian (level 3, -2/28 HPs)
             Began as a Minotaur Transmuter on Sept 18, 2021.
             Slain by a phantom (3 damage)
             ... on level 4 of the Dungeon.
             The game lasted 00:04:54 (439 turns).

nxtlvl the Ruffian (Minotaur Transmuter)             Turns: 439, Time: 00:04:54

Health: -2/28      AC:  5    Str: 15    XL:     3   Next: 89%
Magic:  1/4        EV: 10    Int: 10    God:
Gold:   57         SH:  0    Dex: 10    Spells: 3/4 levels left

rFire    . . .     SeeInvis .     - Unarmed
rCold    . . .     Faith    .   (no shield)
rNeg     . . .     Spirit   .   c - +0 ring mail
rPois    .         Reflect  .   (helmet currently unavailable)
rElec    .         Harm     .   (no cloak)
rCorr    .         Rampage  .   (no gloves)
Will     .....                  (boots currently unavailable)
Stlth    ..........             (no amulet)
HPRegen  0.09/turn              (no ring)
MPRegen  0.09/turn              (no ring)

@: appendages (expiring), very slightly contaminated
A: talons 2, horns 2, retaliatory headbutt
a: End Transformation


You were on level 4 of the Dungeon.
You had temporarily grown beastly talons.
You visited 1 branch of the dungeon, and saw 4 of its levels.

You collected 57 gold pieces.

Inventory:

Hand Weapons
 b - a +0 hunting sling
Missiles
 h - 3 stones
Armour
 c - a +0 ring mail (worn)
Scrolls
 a - a scroll of magic mapping {unknown}
 d - a scroll of vulnerability {unknown}
 g - a scroll of identify {unknown}
Potions
 e - 2 potions of attraction {unknown}
 f - a potion of berserk rage {unknown}


   Skills:
 - Level 1.2 Fighting
 - Level 2.1 Dodging
 * Level 5.3 Unarmed Combat
 - Level 1.3 Spellcasting
 - Level 1.5 Transmutations


You had 3 spell levels left.
You knew the following spells:

 Your Spells              Type           Power      Damage    Failure   Level
a - Beastly Appendage     Tmut           6%         N/A       34%         1

Your spell library contained the following spells:

 Spells                   Type           Power      Damage    Failure   Level
 Wereblood                Tmut           3%         N/A       47%         2
 Spider Form              Tmut/Pois      1%         N/A       82%         3
 Ice Form                 Ice/Tmut       2%         N/A       99%         4


Dungeon Overview and Level Annotations

Branches:
Dungeon (4/15)
 Temple: D:4-7

Altars:


Innate Abilities, Weirdness & Mutations

You have temporarily grown beastly talons.
You have a pair of horns on your head.
You reflexively headbutt those who attack you in melee.


Message History

Found a stone staircase leading down.
There is an open door here.
Found 22 gold pieces.
Found a stone staircase leading up.
You now have 45 gold pieces (gained 10).
You now have 57 gold pieces (gained 12).
There is a stone staircase leading up here.
You climb upwards.
There is a stone staircase leading down here.
You climb downwards.
There is a stone staircase leading up here.
You open the door.
There is an open door here.
A hound comes into view.
The hound barks!
There is an open door here.
You close the door.
A phantom comes into view.
Found 22 arrows.
Casting: Beastly Appendage (safe; 34% risk of failure)
Confirm with . or Enter, or press ? or * to list all spells.
You miscast Beastly Appendage.
You are very lightly contaminated with residual magic.
Nothing appears to happen.
Casting: Beastly Appendage (safe; 34% risk of failure)
Confirm with . or Enter, or press ? or * to list all spells.
You miscast Beastly Appendage.
Nothing appears to happen.
Casting: Beastly Appendage (safe; 34% risk of failure)
Confirm with . or Enter, or press ? or * to list all spells.
Your feet morph into talons.
You barely miss the phantom. Your kick misses the phantom.
The phantom closely misses you.
You punch the phantom! Your kick misses the phantom.
The phantom is moderately damaged.
The phantom hits you!
* * * LOW HITPOINT WARNING * * *
The phantom blinks!
You blink.
Your transformation is almost over.
The phantom hits you.
You die...

........##...#.##.#.
........##...#h##...
........#....+.##...
........#....### ..##
........#<...# ...
........##...#####.#####
..>.............##ยง....###
..........................
.......####.....@W..##(##.
#### #.####.##.# .. #.#
#..#.# ##.# #.# ##.#.# .#.#
..# .#.# ...##### ### .#.#
........ ...# ..###### #.
..##### ..


You could see a phantom.

Vanquished Creatures
  An iguana (D:4)
  An adder (D:3)
  2 dart slugs
  3 endoplasms (D:2)
  4 goblins (D:4)
  5 hobgoblins
  3 quokkas
  A bat (D:2)
  2 frilled lizards (D:2)
  3 kobolds
25 creatures vanquished.

Notes
Turn   | Place    | Note
-------+----------+-------------------------------------------
     0 | D:1      | nxtlvl the Minotaur Transmuter began the quest for the Orb.
     0 | D:1      | Reached XP level 1. HP: 16/16 MP: 1/1
    71 | D:2      | Reached skill level 4 in Unarmed Combat
    71 | D:2      | Reached XP level 2. HP: 3/23 MP: 3/3
   272 | D:4      | Reached XP level 3. HP: 11/28 MP: 2/4
   369 | D:4      | Reached skill level 5 in Unarmed Combat
   433 | D:4      | Noticed a phantom
   438 | D:4      | HP: 1/28 [phantom (7)]
   439 | D:4      | Slain by a phantom

Illustrated notes

Levels and vault maps discovered:
D:1:      minmay_arrival_open_corners, layout_loops_ring,
          hellmonk_ecumenical_altar_leap_of_faith
D:2:      layout_basic
D:3:      layout_loops_ring, nicolae_yredelemnul_ghost_church,
          makhleb_altar_promises_db, lemuel_doored_altar, uniq_sigmund,
          uniq_robin
D:4:      layout_basic, gammafunk_temple_overflow_statue, minmay_goblin_outpost

Skill      XL: |  1  2  3 |
---------------+----------+-----
Unarmed Combat | 4 5 |  5.3
Fighting       | |  1.2
Dodging        | |  2.1
Spellcasting   | |  1.3
Transmutations | |  1.5

Action                   || total
-------------------------++-------
Melee: Unarmed           ||    55
       Headbutt          ||     6
       Kick              ||     3
       Punch             ||     1
 Fire: Hunting sling     ||    20
 Cast: Beastly Appendage ||     9
Armor: Robe              ||     3
       Ring mail         ||     5
Dodge: Dodged            ||    23
